 Dungeon Crawl Stone Soup version 0.31-a0-152-g6aa68a64a1 (webtiles) character file.

Game seed: 6938151392536671693

926 Conn the Firebug (level 8, 0/49 HPs)
             Began as an Octopode Fire Elementalist on June 10, 2023.
             Slain by Pikel
             ... wielding a +0 whip of flaming
              (12 damage)
             ... on level 5 of the Dungeon.
             The game lasted 00:12:20 (5652 turns).

Conn the Firebug (Octopode Fire Elementalist)       Turns: 5652, Time: 00:12:21

Health: 0/49       AC:  1    Str:  7    XL:     8   Next: 10%
Magic:  4/15       EV: 13    Int: 20    God:
Gold:   275        SH:  5    Dex: 12    Spells: 3/16 levels left

rFire   . . .        t - staff of poison
rCold   . . .        (no shield)
rNeg    + . .        (helmet restricted)
rPois   +            r - amulet of reflection
rElec   .            n - ring of positive energy
rCorr   .            (no ring)
SInv    .            (no ring)
Will    .....        (no ring)
Stlth   ++++         (no ring)
HPRegen 0.28/turn    (no ring)
MPRegen 0.14/turn    (no ring)
                     (no ring)

%: reflection
@: no status effects
A: almost no armour, amphibious, 8 rings, camouflage 1, gelatinous body 1,
(nimble swimmer 1), tentacles
a: no special abilities


You were on level 5 of the Dungeon.
You visited 1 branch of the dungeon, and saw 5 of its levels.

You collected 275 gold pieces.

Inventory:

Hand Weapons
 m - a +3 rapier
 o - a +0 short sword
 q - a +2 short sword of draining
Missiles
 l - 3 poisoned darts
Armour
 p - an orb of wrath
Magical Staves
 t - a staff of poison (weapon)
Jewellery
 n - a ring of positive energy (left tentacle)
 r - an amulet of reflection (around mantle)
Wands
 s - a wand of polymorph (9)
Scrolls
 c - 2 scrolls of blinking
 e - a scroll of amnesia
 f - a scroll of poison
 g - a scroll of enchant weapon {unknown}
 h - a scroll of magic mapping
Potions
 a - 3 potions of magic
 b - a potion of attraction
 d - a potion of brilliance
 i - a potion of cancellation
 j - a potion of might {unknown}
 k - a potion of ambrosia {unknown}


   Skills:
 + Level 1.7 Fighting
 + Level 0.4 Short Blades
 + Level 2.4 Dodging
 + Level 4.9 Stealth
 + Level 0.4 Shields
 + Level 4.8 Spellcasting
 + Level 3.4 Conjurations
 + Level 0.7 Hexes
 + Level 1.0 Translocations
 + Level 5.8 Fire Magic


You had 3 spell levels left.
You knew the following spells:

 Your Spells              Type           Power      Damage    Failure   Level
a - Foxfire               Conj/Fire      92%        2x1d8     1%          1
b - Scorch                Fire           56%        2d7       1%          2
c - Inner Flame           Hex/Fire       17%        N/A       10%         3
d - Flame Wave            Conj/Fire      23%        2d8       19%         4
e - Apportation           Tloc           16%        N/A       8%          1
f - Blink                 Tloc           16%        N/A       12%         2

Your spell library contained the following spells:

 Spells                   Type           Power      Damage    Failure   Level
 Magic Dart               Conj           72%        1d6       3%          1
 Volatile Blastmotes      Fire/Tloc      36%        2d13      9%          3
 Beastly Appendage        Tmut           8%         N/A       12%         1
 Ensorcelled Hibernation  Hex/Ice        12%        N/A       16%         2
 Call Imp                 Summ           8%         N/A       19%         2
 Passwall                 Tmut/Erth      3%         N/A       19%         2
 Poisonous Vapours        Pois/Air       14%        N/A       19%         2
 Wereblood                Tmut           4%         N/A       19%         2
 Mephitic Cloud           Conj/Pois/Air  14%        N/A       22%         3
 Spider Form              Tmut/Pois      7%         N/A       34%         3
 Swiftness                Air            4%         N/A       34%         3
 Manifold Assault         Tloc           8%         N/A       61%         4
 Freezing Cloud           Conj/Ice/Air   4%         6-21      90%         5
 Alistair's Intoxication  Tmut/Pois      4%         N/A       97%         5
 Storm Form               Tmut/Air       2%         N/A       100%        7


Dungeon Overview and Level Annotations

Branches:
Dungeon (5/15)
 Temple: D:4-7

Altars:

Annotations:
D:3 3 runed translucent doors, anet's ghost, amateur DjHW
D:4 3 runed translucent doors, Mercurial's ghost, amateur TrBe
D:5 Pikel


Innate Abilities, Weirdness & Mutations

You cannot wear most types of armour.
You are amphibious.
You can wear up to eight rings at the same time.
Your skin changes colour to match your surroundings (Stealth+).
Your rubbery body absorbs attacks. (AC +1, EV +1)
((You are camouflaged when in or above water. (Stealth+)))
You have tentacles for arms and can constrict up to eight enemies at once.


Message History

Casting: Inner Flame (dangerous; 10% risk of failure)
Confirm with . or Enter, or press ? or * to list all spells.
Aiming: Inner Flame (dangerous; 10% risk of failure)
Press: ? - help, Dir - move target, f - Pikel, p - orc
Aim: Pikel, wielding a +0 whip of flaming and wearing a +0 robe (chance to affect: 71%) Pikel struggles to resist.
The lemure hits you.
Unknown command.
Casting: Inner Flame (dangerous; 10% risk of failure)
Confirm with . or Enter, or press ? or * to list all spells.
Aiming: Inner Flame (dangerous; 10% risk of failure)
Press: ? - help, Dir - move target, f/p - Pikel
Aim: Pikel, wielding a +0 whip of flaming and wearing a +0 robe (chance to affect: 71%) Pikel is filled with an inner flame.
Unknown command.
Casting: Inner Flame (dangerous; 10% risk of failure)
Confirm with . or Enter, or press ? or * to list all spells.
Flames lash the lemure.
The lemure is moderately wounded.
The lemure's fire resistance burns away.
You hear a shout!
Unknown command.
Casting: Scorch (safe; 1% risk of failure)
Confirm with . or Enter, or press ? or * to list all spells.
You conjure some foxfire!
Pikel barely misses you.
Your foxfire dissipates!
The foxfire hits Pikel.
Flame seeps out of Pikel.
Pikel is lightly wounded.
Pikel is engulfed in blazing flames.
Flame seeps out of Pikel.
You see here a hound corpse.
Unknown command.
Unknown command.
Unknown command.
Pikel attacks as you move away!
Pikel hits you with a +0 whip of flaming!
* * * LOW HITPOINT WARNING * * *
Pikel burns you.
* * * LOW HITPOINT WARNING * * *
It was a potion of cancellation.
You feel magically purged.
Pikel hits you with a +0 whip of flaming!
You die...

###...............
#...........###.
#.............#.
#####.####'#..#.
#######.####.#<<..
#............#..#.
#.#####......<#.#.
###### #.#
#.......(.#. #....#
#@# #.....#..... #
#....######K#
#.###.#####.
...##...5o.55...#
#.###+#####.
#.......########
#.##........
####5.).#
#..#.....### #[.###
##########.......#
#..
###.........#..#####
#..
......).....##..# #
#5#
............###.# #


You could see Pikel (inner flame).

Vanquished Creatures
  2 black bears
  An ogre (D:5)
  A phantom (D:4)
  3 scorpions
  2 hounds
  4 orc priests (D:4)
  An iguana (D:4)
  Terence (D:2)
  3 gnolls (D:3)
  4 adders
  A white imp (D:5)
  2 ufetubi
  2 worms
  2 dart slugs
  11 orcs
  8 ball pythons
  6 endoplasms
  4 giant cockroaches
  8 hobgoblins
  14 jackals
  4 kobolds
  4 quokkas
  A bat (D:1)
  3 frilled lizards
  7 goblins
  3 rats
102 creatures vanquished.

Vanquished Creatures (others)
  A dart slug (D:1)
  A frilled lizard (D:1)
  290 foxfires
292 creatures vanquished.

Grand Total: 394 creatures vanquished

Notes
Turn   | Place    | Note
-------+----------+-------------------------------------------
     0 | D:1      | Conn the Octopode Fire Elementalist began the quest for the
                  | Orb.
     0 | D:1      | Reached XP level 1. HP: 11/11 MP: 3/3
   212 | D:1      | Found a faded altar of an unknown god.
   218 | D:1      | Reached XP level 2. HP: 17/17 MP: 0/5
   508 | D:1      | Learned a level 2 spell: Scorch
   510 | D:1      | Learned a level 1 spell: Apportation
  1333 | D:2      | Noticed Terence
  1344 | D:2      | Reached XP level 3. HP: 21/21 MP: 4/6
  1652 | D:2      | Killed Terence
  1653 | D:2      | Reached skill level 1 in Translocations
  1653 | D:2      | Reached XP level 4. HP: 27/27 MP: 2/8
  2261 | D:2      | Reached skill level 4 in Fire Magic
  2739 | D:3      | Reached XP level 5. HP: 29/31 MP: 6/9
  3268 | D:3      | Found a runed translucent gate.
  3268 | D:3      | Found a runed translucent gate.
  3268 | D:3      | Found a runed translucent gate.
  3274 | D:3      | Noticed anet's ghost (amateur DjHW)
  3532 | D:3      | Learned a level 3 spell: Inner Flame
  3600 | D:4      | Reached XP level 6. HP: 36/36 MP: 7/11
  3732 | D:4      | Noticed a black bear
  3736 | D:4      | Killed a black bear
  3968 | D:4      | Found a runed translucent gate.
  3968 | D:4      | Found a runed translucent gate.
  3968 | D:4      | Found a runed translucent gate.
  3969 | D:4      | Noticed Mercurial's ghost (amateur TrBe)
  4105 | D:4      | Reached XP level 7. HP: 41/41 MP: 9/12
  4106 | D:4      | Reached skill level 5 in Fire Magic
  5157 | D:4      | Learned a level 4 spell: Flame Wave
  5160 | D:4      | Learned a level 2 spell: Blink
  5177 | D:5      | Entered Level 5 of the Dungeon
  5185 | D:5      | Reached skill level 1 in Fighting
  5276 | D:5      | Identified the +2 ring mail "Qaseirr" {rCorr}
  5285 | D:5      | Reached XP level 8. HP: 49/49 MP: 3/15
  5634 | D:5      | Noticed Pikel
  5652 | D:5      | Slain by Pikel

Illustrated notes

Levels and vault maps discovered:
D:1:      psy_arrival_spokes, layout_loops_ring,
          hellmonk_ecumenical_altar_blasted, kennysheep_flooded_box,
          lemuel_flame_loot_1
D:2:      layout_rooms, uniq_terence
D:3:      wad_river_or_something, layout_loops_cross, gammafunk_ghost_necromancy
D:4:      black_bear_nest_2, layout_basic, ebering_ghost_rock_garden
D:5:      layout_basic, nicolae_half_adder, uniq_pikel

Skill      XL: |  1  2  3  4  5  6  7 |
---------------+----------------------+-----
Stealth        | 3 4 |  4.9
Translocations | 1 |  1.0
Fire Magic     | 4 5 |  5.8
Spellcasting   | 3 4 |  4.8
Conjurations   | 2 3 |  3.4
Fighting       | 1 |  1.7
Short Blades   | |  0.4
Dodging        | |  2.4
Shields        | |  0.4
Hexes          | |  0.7

Action                     |  1- 3 |  4- 6 |  7- 9 || total
---------------------------+-------+-------+-------++-------
  Melee: Unarmed           |    14 |    17 |       ||    31
         Constrict         |     7 |    10 |     6 ||    23
         Tentacles         |     2 |     8 |     8 ||    18
         Punch             |     1 |     1 |     1 ||     3
         Short sword       |       |    20 |    18 ||    38
         Staff             |       |       |    10 ||    10
   Cast: Foxfire           |    51 |    93 |    24 ||   168
         Apportation       |    10 |       |       ||    10
         Scorch            |     2 |     8 |    10 ||    20
         Inner Flame       |       |     1 |     7 ||     8
    Use: Scroll            |       |       |     7 ||     7
         Potion            |       |       |     1 ||     1
   Stab: Sleeping          |       |     7 |     2 ||     9
 Armour: Skin              |     3 |     4 |     1 ||     8
  Dodge: Dodged            |    12 |    29 |    20 ||    61
  Block: Other             |       |       |     8 ||     8

Table legend: (Time is in decaauts)
 A = Elapsed time spent in this place.
 B = Non-inter-level travel time spent in this place.
 C = Inter-level travel time spent in this place.
 D = Time resting spent in this place.
 E = Time spent auto-exploring this place.
 F = Levels seen in this place.
 G = Mean time per level.
                   A        B        C        D        E       F      G
               +--------+--------+--------+--------+--------+-----+--------+
         Total |   5653 |   5563 |     90 |    473 |   3901 |   5 | 1130.6 |
       Dungeon |   5653 |   5563 |     90 |    473 |   3901 |   5 | 1130.6 |
               +--------+--------+--------+--------+--------+-----+--------+

Top non-repeatable levels by time:
     D:4: 1616 daAuts
     D:1: 1356 daAuts
     D:3: 1149 daAuts
     D:2: 1055 daAuts
     D:5: 476 daAuts
